 Dungeon Crawl Stone Soup version 0.18-a0-1805-g8ab820f (webtiles) character file.

54 Loki the Grasshopper (level 3, -4/18 HPs)
             Began as a Vine Stalker Warper on Apr 25, 2016.
             Slain by Eustachio
             ... wielding a +2 falchion of holy wrath
              (10 damage)
             ... on level 4 of the Dungeon.
             The game lasted 00:25:55 (703 turns).

Loki the Grasshopper (Vine Stalker Warper)           Turns: 703, Time: 00:25:56

Health: -4/18      AC:  3    Str: 13    XL:     3   Next: 91%
Magic:  0/7        EV: 12    Int: 14    God:
Gold:   85         SH:  0    Dex: 13    Spells: 1 memorised, 5 levels left

rFire  . . .     SeeInvis .       - Unarmed
rCold  . . .     Gourm    .     a - +0 leather armour
rNeg   . . .     Faith    .     (no shield)
rPois  .         Spirit   +     (no helmet)
rElec  .         Dismiss  +     (no cloak)
rCorr  .         Reflect  .     (no gloves)
SustAt .         Harm     .     (no boots)
MR     .....                    e - amulet of dismissal
Stlth  +.........               (no ring)
                                (no ring)

@: not resistant to hostile enchantments, very unstealthy
A: fangs 2, regeneration 1, magic shield, antimagic bite, no device heal 3, rot
immunity
a: no special abilities


You were on level 4 of the Dungeon.
You were not hungry.

You visited 1 branch of the dungeon, and saw 4 of its levels.

You collected 85 gold pieces.

Inventory:

Missiles
 d - 5 tomahawks of dispersal (quivered)
Armour
 a - a +0 leather armour (worn)
 g - a +0 pair of gloves
Jewellery
 e - an amulet of dismissal (around neck)
Scrolls
 c - a scroll of blinking
 k - a scroll of fog {unknown}
Potions
 h - a potion of flight
 i - a potion of heal wounds
 m - a potion of curing {unknown}
 n - a potion of agility {unknown}
 o - a potion of cure mutation {unknown}
 p - a potion of lignification {unknown}
Books
 b - a book of Spatial Translocations

   Spells                             Type                      Level
   a - Apportation                    Translocation                1
   b - Blink                          Translocation                2
   c - Shroud of Golubria             Charms/Translocation         2
   d - Portal Projectile              Translocation                3
   e - Teleport Other                 Translocation                3
   f - Passage of Golubria            Translocation                4
Comestibles
 f - a bread ration


   Skills:
 - Level 1.7 Fighting
 - Level 0.8 Throwing
 - Level 0.7 Armour
 + Level 1.8 Dodging
 * Level 3.1 Unarmed Combat
 - Level 2.1 Spellcasting
 + Level 3.8 Translocations


You had 5 spell levels left.
You knew the following spells:

 Your Spells              Type           Power        Failure   Level  Hunger
a - Apportation           Tloc           ##........   10%         1    #......


Dungeon Overview and Level Annotations

Branches:
Dungeon (4/15)
 Temple: D:4-7

Altars:

Annotations:
D:4 Eustachio


Innate Abilities, Weirdness & Mutations

You have extremely sharp teeth.
Your natural rate of healing is unusually fast.
When hurt, damage is shared between your health and your magic reserves.
Your bite disrupts and absorbs the magic of your enemies.
Potions and wands cannot restore your health.
You are immune to rotting.


Message History

The giant gecko skeleton bites you but does no damage.
Eustachio barely misses you.
You hit Eustachio but do no damage. Your bite misses Eustachio.
Eustachio is moderately wounded.
The crimson imp blinks!
The giant gecko skeleton completely misses you.
Eustachio hits you but does no damage.
Your leather armour prevents you from hitting Eustachio.
Eustachio is moderately wounded.
The crimson imp blinks!
The giant gecko skeleton barely misses you.
The crimson imp blinks!
You barely miss Eustachio. Your bite misses Eustachio.
Eustachio is moderately wounded.
Eustachio completely misses you. The giant gecko skeleton bites you.
You barely miss Eustachio.
Eustachio is moderately wounded.
Eustachio hits you with a falchion of holy wrath!
Ouch! That really hurt!
You die...

.. ## ### ### #
... ..# # #.# #.#
# ###.#.######.#
#r§###..[....## #
#Z#.#.###.....####
#@##r##...........
#@##.##.#.....####
#5##.##.##...## #
#.##.##.###).# #
#.##....###..# #
#.##.#...##..# #
#§...........# #
#............# #
#.##.##.###..# #


You could see Eustachio, a quasit, a rat and a giant gecko skeleton.

Vanquished Creatures
  An adder (D:3)
  An ooze (D:1)
  A dart slug (D:1)
  2 giant geckos
  An orc (D:3)
  A ball python (D:1)
  3 giant cockroaches
  5 hobgoblins
  2 quokkas (D:3)
  A bat (D:2)
  2 giant newts (D:2)
  6 goblins
  4 kobolds
  3 rats
33 creatures vanquished.

Notes
Turn   | Place    | Note
--------------------------------------------------------------
     0 | D:1      | Loki the Vine Stalker Warper began the quest for the Orb.
     0 | D:1      | Reached XP level 1. HP: 11/11 MP: 4/4
    95 | D:2      | Reached XP level 2. HP: 14/15 MP: 6/6
   268 | D:1      | Reached XP level 3. HP: 16/18 MP: 7/7
   544 | D:3      | Noticed an ogre
   685 | D:4      | Noticed Eustachio
   703 | D:4      | Slain by Eustachio

Vault maps used:
D:1:      lightli_arrival_chessboard
D:4:      first_bread, uniq_menkaure, uniq_sigmund, uniq_eustachio

Skill      XL: |  1  2  3 |
---------------+----------+-----
Unarmed Combat | 3 |  3.1
Fighting       | |  1.7
Throwing       | |  0.8
Armour         | |  0.7
Dodging        | |  1.8
Spellcasting   | |  2.1
Translocations | |  3.8

Action                   || total
-------------------------++-------
Melee: Unarmed           ||   143
       Bite              ||    33
       Punch             ||     4
 Cast: Apportation       ||    10
  Use: Scroll            ||     3
 Stab: Sleeping          ||     1
Armor: Leather armour    ||   150
Dodge: Dodged            ||   274
